 Dungeon Crawl Stone Soup version 0.29.1-1-gd02db6906a (webtiles) character file.

Game seed: 1745380242967256600

185 groovy9 the Shooter (level 5, -2/36 (41) HPs)
             Began as a Formicid Hunter on Sept 18, 2022.
             Slain by safid's ghost (8 damage)
             ... on level 3 of the Dungeon.
             The game lasted 00:08:05 (3441 turns).

groovy9 the Shooter (Formicid Hunter)               Turns: 3441, Time: 00:08:06

HP:   -2/36 (41)    AC:  6    Str: 16    XL:     5   Next: 96%
MP:   5/5           EV: 13    Int:  8    God:
Gold: 266           SH:  6    Dex: 26    Spells: 4/4 levels left

rFire   x . .      SeeInvis +   a - +0 shortbow
rCold   + . .      Faith    .   d - +1 buckler of Toivaow {rF- rC+ Dex+7}
rNeg    . . .      Spirit   .   c - +0 leather armour
rPois   .          Reflect  .   (helmet unavailable)
rElec   .          Harm     .   l - +0 cloak
rCorr   .          Rampage  .   (no gloves)
Will    .....                   u - +1 pair of boots
Stlth   +++.......              (no amulet)
HPRegen 0.12/turn               (no ring)
MPRegen 0.09/turn               (no ring)

@: heavily drained
A: permanent stasis, dig shafts and tunnels, antennae 3, four strong arms
a: Dig, Shaft Self


You were on level 3 of the Dungeon.
You visited 1 branch of the dungeon, and saw 4 of its levels.

You collected 266 gold pieces.

Inventory:

Hand Weapons
 a - a +0 shortbow (weapon)
Armour
 c - a +0 leather armour (worn)
 d - the +1 buckler of Toivaow (worn) {rF- rC+ Dex+7}
   (You acquired it on level 2 of the Dungeon)

   Dex:       It affects your dexterity (+7).
   rF:        It makes you vulnerable to fire.
   rC:        It protects you from cold.
 l - a +0 cloak (worn)
 u - a +1 pair of boots (worn)
Wands
 s - a wand of charming (6)
Scrolls
 b - a scroll of immolation
 o - a scroll of fear {unknown}
 q - a scroll of enchant armour {unknown}
 r - a scroll of poison {unknown}
Potions
 e - 4 potions of ambrosia
 f - a potion of magic
 g - a potion of lignification {unknown}
 h - a potion of resistance {unknown}
 i - a potion of heal wounds {unknown}
 j - a potion of curing {unknown}
 k - a potion of attraction {unknown}
 m - a potion of might {unknown}
 n - a potion of flight {unknown}
 p - 2 potions of haste {unknown}
 t - a potion of cancellation {unknown}


   Skills:
 + Level 3.2 Fighting
 * Level 5.1 Ranged Weapons
 + Level 2.0 Armour
 + Level 2.5 Dodging
 + Level 2.9 Stealth


You had 4 spell levels left.
You didn't know any spells.
Your spell library was empty.

Dungeon Overview and Level Annotations

Branches:
Dungeon (4/15)
 Temple: D:4-7

Altars:
Xom

Annotations:
D:3 safid's ghost, amateur MiHu


Innate Abilities, Weirdness & Mutations

You cannot be hasted, slowed, berserked, paralysed or teleported.
You can dig through walls and to a lower floor.
You have a pair of large antennae on your head. (SInv)
Your four strong arms can wield two-handed weapons with a shield.


Message History

Safid's ghost closely misses you. Safid's ghost hits you!
Fire: a) +0 shortbow
Press: ? - help, Q - select action, (/) - cycle Shift-Dir - straight line, f/p - safid's ghost
Aim: safid's ghost (60% to hit)
You shoot an arrow. The arrow hits safid's ghost!
Safid's ghost is lightly damaged.
Safid's ghost closely misses you.
Fire: a) +0 shortbow
Press: ? - help, Q - select action, (/) - cycle Shift-Dir - straight line, f/p - safid's ghost
Aim: safid's ghost (lightly damaged, 60% to hit)
You shoot an arrow. The arrow barely misses safid's ghost.
Safid's ghost hits you but does no damage.
Fire: a) +0 shortbow
Press: ? - help, Q - select action, (/) - cycle Shift-Dir - straight line, f/p - safid's ghost
Aim: safid's ghost (lightly damaged, 60% to hit)
You shoot an arrow. The arrow hits safid's ghost.
Safid's ghost is moderately damaged.
Safid's ghost closely misses you. You block safid's ghost's attack.
Fire: a) +0 shortbow
Press: ? - help, Q - select action, (/) - cycle Shift-Dir - straight line, f/p - safid's ghost
Aim: safid's ghost (moderately damaged, 60% to hit)
You shoot an arrow.
The arrow hits safid's ghost but does no damage.
Safid's ghost is moderately damaged.
Safid's ghost hits you.
Fire: a) +0 shortbow
Press: ? - help, Q - select action, (/) - cycle Shift-Dir - straight line, f/p - safid's ghost
Aim: safid's ghost (moderately damaged, 60% to hit)
You shoot an arrow. The arrow hits safid's ghost!
Safid's ghost is heavily damaged.
Safid's ghost hits you.
* * * LOW HITPOINT WARNING * * *
Fire: a) +0 shortbow
Press: ? - help, Q - select action, (/) - cycle Shift-Dir - straight line, f/p - safid's ghost
Aim: safid's ghost (heavily damaged, 60% to hit)
You shoot an arrow.
The arrow hits safid's ghost but does no damage.
Safid's ghost is heavily damaged.
Safid's ghost hits you!
You die...

#...........#.#
################.#.##########
............................#
#######............#...####.#
.........................)..#
.######.####............##..#
.#....#.#.##.#######....##..#
.#.#..#.#..)....## #....##..#
......#.########@###....##..#
##.#....##!♣{♣###W##....#####
.#.##.###8...W#..###...##...##
.#.##.# $.....#..#.....#.8.8.####
.#.##.##♣.....'..#.....#_....'...
.>.##..#⌠.....'......###.8.8.####
##.#####♣.....'......####...##...
#### .)....#..#...##.########.
#########8....#..#...##.#....# #.


You could see safid's ghost.

Vanquished Creatures
  An orc priest (D:3)
  Crazy Yiuf (D:2)
  4 adders
  2 worms (D:2)
  3 dart slugs
  6 orcs (D:3)
  5 ball pythons
  8 endoplasms
  2 giant cockroaches (D:2)
  3 goblins
  7 hobgoblins
  5 jackals
  3 quokkas
  5 bats
  A frilled lizard (D:2)
  8 kobolds
  4 rats
68 creatures vanquished.

Notes
Turn   | Place    | Note
-------+----------+-------------------------------------------
     0 | D:1      | groovy9 the Formicid Hunter began the quest for the Orb.
     0 | D:1      | Reached XP level 1. HP: 16/16 MP: 1/1
    53 | D:1      | Found a faded altar of an unknown god.
    64 | D:1      | Reached XP level 2. HP: 23/23 MP: 2/2
   803 | D:2      | Identified a scroll of acquirement
   803 | D:2      | Acquired the +1 buckler of Toivaow {rF- rC+ Dex+7}
   850 | D:2      | Reached XP level 3. HP: 28/28 MP: 3/3
  1087 | D:2      | Reached skill level 1 in Armour
  1191 | D:2      | Reached XP level 4. HP: 34/34 MP: 4/4
  1437 | D:2      | Found a runed translucent door.
  1438 | D:2      | Noticed Crazy Yiuf
  1843 | D:2      | Killed Crazy Yiuf
  1844 | D:2      | Reached XP level 5. HP: 17/40 MP: 5/5
  2126 | D:3      | Found a shimmering altar of Xom.
  2163 | D:3      | Identified the +4 dagger of the Equinox {vorpal, rElec rF+
                  | Str+3}
  2576 | D:3      | Found a runed translucent gate.
  2577 | D:3      | Found a runed translucent gate.
  2580 | D:3      | Found a runed translucent gate.
  2582 | D:3      | Noticed safid's ghost (amateur MiHu)
  2582 | D:3      | Noticed safid's ghost (amateur MiHu)
  3072 | D:3      | Reached skill level 5 in Ranged Weapons
  3441 | D:3      | Slain by safid's ghost

Illustrated notes

Levels and vault maps discovered:
D:1:      dpeg_arrival_rooms_b, layout_basic,
          ebering_ecumenical_altar_sacrificial
D:2:      kennysheep_big_flooded_room, layout_basic, grunt_ministairs_2,
          amcnicky_mini_corridor_feature, uniq_crazy_yiuf_cottage
D:3:      layout_basic, mainiacjoe_overflow_catwalk, gammafunk_ghost_cemetery,
          kennysheep_orc_chapel
D:4:      gammafunk_cloud_chamber, layout_basic, uniq_pikel, uniq_edmund

Skill      XL: |  1  2  3  4  5 |
---------------+----------------+-----
Dodging        | 2 |  2.5
Armour         | 1 2 |  2.0
Stealth        | 2 |  2.9
Fighting       | 3 |  3.2
Ranged Weapons | 5 |  5.1

Action                   |  1- 3 |  4- 6 || total
-------------------------+-------+-------++-------
 Fire: Shortbow          |    66 |   112 ||   178
 Abil: Dig               |     2 |     2 ||     4
  Use: Scroll            |     3 |     1 ||     4
Armor: Leather armour    |     5 |     6 ||    11
Dodge: Dodged            |    20 |    24 ||    44
Block: Buckler           |     3 |    10 ||    13
